AoeStats
← 150490644@

Arabia

508201626Analyzed
1v1 RM · 11d ago on Sep 21, 2026· 45m 53s· 2 players
Game mode
Random Map
Map size
Tiny (2 player)
Population
200
Speed
Normal
Resources
Standard
Victory
Conquest
Starting age
Dark Age
Ending age
Imperial Age
RankedLock teamsTeams togetherTeam positionsShared explorationLock speedFull tech treeHidden civsTurbo modeCheats
Victory
Defeat
🇮🇹 Franks · Italy
952
+15
🇩🇪 Armenians · Germany
935
-15
Elow
3:37 Loom
10:37 Feudal Age
11:57 Man-at-Arms
13:46 Long Swordsman
15:50 Scale Mail Armor
21:31 Horse Collar
26:13 Arson
30:37 Forging
35:33 Wheelbarrow
35:11 Fletching
38:17 Castle Age
37:19 Double-Bit Axe
38:25 Two-Handed Swordsman
38:55 Gambesons
39:15 Squires
40:21 Chain Mail Armor
41:15 Champion
44:35 Iron Casting
150490644@
7:18 Loom
9:30 Feudal Age
10:04 Double-Bit Axe
10:39 Gold Mining
21:17 Castle Age
23:04 Gold Shaft Mining
24:25 Wheelbarrow
24:44 Scale Barding Armor
25:52 Bow Saw
26:32 Forging
29:12 Hand Cart
29:47 Crossbowman
35:34 Iron Casting
36:27 Chain Barding Armor
42:11 Imperial Age
40:19 Husbandry
41:08 #83
43:33 Plate Barding Armor
43:59 Blast Furnace
42:21 Cavalier
43:05 Stone Mining
Connection lost

Rejoining the realm…

Still unreachable

The connection could not be restored.

Session expired

The server has moved on; the page needs a fresh start.